 Dungeon Crawl Stone Soup version 0.17.1-3-g152610e (webtiles) character file.

117 Jerry the Skirmisher (level 4, 0/38 HPs)
             Began as a Centaur Fighter on Mar 9, 2016.
             Killed from afar by an orc wizard (5 damage)
             ... with a magic dart
             ... on level 3 of the Dungeon.
             The game lasted 00:12:43 (3560 turns).

Jerry the Skirmisher (Centaur Fighter)              Turns: 3560, Time: 00:12:44

Health: 0/38       AC:  7    Str: 18    XL:     4   Next: 71%
Magic:  4/4        EV:  3    Int:  7    God:
Gold:   213        SH: 13    Dex: 10    Spells: 0 memorised, 3 levels left

rFire  . . .     SeeInvis .     a - +1 trident
rCold  . . .     Clarity  .     b - +0 scale mail
rNeg   . . .     SustAt   .     n - +0 large shield
rPois  .         Gourm    .     (no helmet)
rElec  .         Spirit   .     (no cloak)
rCorr  .         Warding  .     h - +0 pair of gloves
rMut   .         Stasis   .     (no barding)
MR     .....                    (no amulet)
Stlth  ..........               (no ring)
                                (no ring)

@: very quick, not resistant to hostile enchantments, extremely unstealthy
A: hooves 3, deformed body, speed 2, tough skin 3
a: no special abilities


You were on level 3 of the Dungeon.
You were hungry.

You visited 1 branch of the dungeon, and saw 4 of its levels.

You collected 213 gold pieces.

Inventory:

Hand Weapons
 a - a +1 trident (weapon)
Missiles
 y - 4 tomahawks (quivered)
Armour
 b - a +0 scale mail (worn)
 c - a +0 shield
 h - a +0 pair of gloves (worn)
 n - a +0 large shield (worn)
Magical Staves
 w - an uncursed staff of conjuration {unknown}
Scrolls
 j - a scroll of fear {unknown}
 k - a scroll of identify
 p - a scroll of remove curse
 q - 4 scrolls of teleportation
 t - a scroll of noise {unknown}
 x - a scroll of enchant weapon
Potions
 d - a potion of might
 g - a potion of mutation {unknown}
 i - a potion of haste {unknown}
 l - a potion of brilliance {unknown}
 m - a potion of heal wounds
 s - a potion of flight {unknown}
 u - 2 potions of curing
 A - a potion of degeneration {unknown}
 B - a potion of resistance {unknown}
Books
 v - a Young Poisoner's Handbook

   Spells                             Type                      Level
   a - Sting                          Conjuration/Poison           1
   b - Cure Poison                    Poison                       2
   c - Mephitic Cloud                 Conjuration/Poison/Air       3
   d - Olgreb's Toxic Radiance        Poison                       4
   e - Venom Bolt                     Conjuration/Poison           5
Miscellaneous
 f - a plain deck of war
Comestibles
 e - 2 bread rations
 o - a meat ration
 r - a beef jerky


   Skills:
 - Level 3.2 Fighting
 + Level 2.6 Polearms
 + Level 2.9 Armour
 * Level 3.0 Shields


You had 3 spell levels left.
You didn't know any spells.

Dungeon Overview and Level Annotations

Branches:
Dungeon (4/15)
 Temple: D:4-7

Altars:
Kikubaaqudgha
Makhleb
Nemelex Xobeh
Okawaru


Innate Abilities, Weirdness & Mutations

You have hooves in place of feet.
Armour fits poorly on your strangely shaped body.
You cover ground very quickly.
You have extremely tough skin (AC +3).


Message History

The orc priest is moderately wounded.
The orc wizard casts a spell.
The orc wizard blinks!
The orc priest hits you but does no damage.
You block the orc's attack.
The orc wizard gestures wildly while chanting.
The orc wizard blinks!
You closely miss the orc priest. You kick the orc priest.
The orc priest is heavily wounded.
The orc priest barely misses you. The orc hits you with a mace.
The orc wizard casts a spell at you. The magic dart hits you!
* * * LOW HITPOINT WARNING * * *
You barely miss the orc priest. Your kick misses the orc priest.
The orc priest is heavily wounded.
You block the orc priest's attack. The orc hits you with a mace.
* * * LOW HITPOINT WARNING * * *
The orc wizard gestures at you while chanting.
The magic dart hits you!
You die...

.# #.##.#####..##
#.# #.# .# #.##.#
#...# #.# #.# .#
#.##.# #...# #.#
#.# .###.##.#
#..o# #.# #.#
.#......# #...##
#.# #.#
.#.#.########..).#
#.#####.##
.#.#.............#
#........#
.#.##########.#o.#
########## .#.#
#..o@# .#.# ######
.#.########
##......(.#
#########.# ##<#
#.# ##.# #.# ##.#
#.# ##.# #.#


You could see an orc priest, an orc wizard and an orc.

Vanquished Creatures
  4 adders
  A worm (D:3)
  4 giant geckos
  14 orcs
  A ball python (D:1)
  A giant cockroach (D:2)
  6 goblins
  7 hobgoblins
  2 jackals (D:1)
  8 kobolds
  A bat (D:1)
  A giant newt (D:2)
  A quokka (D:2)
  7 rats
58 creatures vanquished.

Notes
Turn   | Place    | Note
--------------------------------------------------------------
     0 | D:1      | Jerry the Centaur Fighter began the quest for the Orb.
     0 | D:1      | Reached XP level 1. HP: 19/19 MP: 1/1
    99 | D:1      | Found a sparkling altar of Nemelex Xobeh.
   576 | D:1      | Reached XP level 2. HP: 26/26 MP: 2/2
  1521 | D:2      | Reached XP level 3. HP: 16/31 MP: 3/3
  2158 | D:2      | Found an iron altar of Okawaru.
  2158 | D:2      | Found an ancient bone altar of Kikubaaqudgha.
  2419 | D:3      | Found a burning altar of Makhleb.
  2419 | D:3      | Noticed a green death
  2755 | D:3      | Reached XP level 4. HP: 38/38 MP: 4/4
  3560 | D:3      | Killed from afar by an orc wizard

Action                   |  1- 3 |  4- 6 || total
-------------------------+-------+-------++-------
Melee: Trident           |   134 |    88 ||   222
  Use: Scroll            |     1 |     4 ||     5
  Eat: Chunk             |     4 |     2 ||     6
